 Dungeon Crawl Stone Soup version 0.26-a0-858-gbf766624f9 (webtiles) character file.

Game seed: 12386367444302031554

18979 robertstho the Cleaver (level 12, -3/110 HPs)
             Began as a Deep Dwarf Fighter on Nov 24, 2020.
             Was a High Priest of Makhleb.
             Slain by a large abomination (19 damage)
             ... on level 2 of the Abyss.
             The game lasted 00:16:54 (8936 turns).

robertstho the Cleaver (Deep Dwarf Fighter)         Turns: 8936, Time: 00:16:55

Health: -3/110     AC: 16    Str: 23      XL:     12   Next: 32%
Magic:  5/5        EV:  9    Int:  5 (6)  God:    Makhleb [*****.]
Gold:   1113       SH: 13    Dex: 12      Spells: 11/11 levels left

rFire    . . .     SeeInvis .   S - +0 demon blade
rCold    + . .     Faith    .   u - +2 kite shield
rNeg     + . .     Spirit   .   O - +0 plate armour
rPois    .         Reflect  .   (no helmet)
rElec    .         Harm     .   (no cloak)
rCorr    .         Rampage  .   L - +0 pair of gloves
MR       +....                  Q - +0 pair of boots
Stlth    ..........             (no amulet)
HPRegen  0.00/turn              M - ring of Suspected Treachery {rC+ rN+ Int-3 Slay+4}
MPRegen  0.09/turn              y - +4 ring of protection

@: non-regenerating
A: damage resistance, heal wounds, deformed body, low mp 1, sense surroundings
2, weak 1, no regeneration
a: Heal Wounds, Minor Destruction, Lesser Servant of Makhleb, Major Destruction,
Greater Servant of Makhleb, Renounce Religion


You were on level 2 of the Abyss.
You worshipped Makhleb.
Makhleb was extremely pleased with you.
You visited 1 branch of the dungeon, and saw 11 of its levels.
You visited the Abyss 1 time.

You collected 1113 gold pieces.

Inventory:

Hand Weapons
 a - a +0 war axe
 z - a +0 morningstar of freezing
 S - a +0 demon blade (weapon)
Missiles
 l - 16 silver javelins (quivered)
 T - 5 curare-tipped darts
Armour
 n - a +2 ring mail of magic resistance
 u - a +2 kite shield (worn)
 v - a +0 chain mail of cold resistance
 L - a +0 pair of gloves (worn)
 O - a +0 plate armour (worn)
 Q - a +0 pair of boots (worn)
Jewellery
 o - an uncursed ring of ice
 q - an uncursed ring of positive energy
 t - an uncursed ring of protection from fire
 w - an uncursed amulet of guardian spirit {unknown}
 y - a +4 ring of protection (right hand)
 A - an uncursed ring of protection from cold {unknown}
 E - an uncursed amulet of guardian spirit {unknown}
 G - an uncursed ring of protection from fire
 K - an uncursed amulet of guardian spirit {unknown}
 M - the ring of Suspected Treachery (left hand) {rC+ rN+ Int-3 Slay+4}
   (You found it on level 8 of the Dungeon)

   [ring of slaying]

   It affects your intelligence (-3).
   It affects your accuracy and damage with ranged weapons and melee attacks
   (+4).
   It protects you from cold.
   It protects you from negative energy.
 R - an uncursed ring of protection from fire
Wands
 B - a wand of paralysis (17)
 H - a wand of enslavement (5)
 I - a wand of disintegration (9)
 J - a wand of acid (9)
 N - a wand of polymorph (8)
 U - a wand of random effects (4)
Scrolls
 c - 2 scrolls of enchant weapon {unknown}
 d - a scroll of immolation {unknown}
 h - 8 scrolls of remove curse
 k - 3 scrolls of fog {unknown}
 p - 4 scrolls of amnesia {unknown}
 r - a scroll of random uselessness {unknown}
 x - 4 scrolls of blinking {unknown}
 C - a scroll of acquirement {unknown}
 F - 3 scrolls of teleportation {unknown}
 P - a scroll of fear {unknown}
 V - a scroll of identify
Potions
 b - 3 potions of brilliance
 e - 4 potions of heal wounds {unknown}
 f - a potion of haste {unknown}
 g - 9 potions of curing
 i - a potion of resistance {unknown}
 j - 5 potions of lignification
 m - 2 potions of flight
 s - 2 potions of degeneration {unknown}
 D - 3 potions of ambrosia {unknown}


   Skills:
 * Level 8.1 Fighting
 + Level 3.2 Long Blades
 + Level 11.2 Axes
 + Level 0.1(6.5) Maces & Flails
 * Level 10.1 Armour
 * Level 8.5 Dodging
 + Level 1.1 Stealth
 + Level 8.5 Shields
 * Level 9.4 Invocations


You had 11 spell levels left.
You didn't know any spells.
Your spell library contained the following spells:

 Spells                   Type           Power        Failure   Level
 Animate Skeleton         Necr           #.....       100%        1
 Pain                     Necr           #...         100%        1
 Poisonous Vapours        Pois/Air       #.....       100%        2
 Conjure Flame            Conj/Fire      #.......     100%        3
 Mephitic Cloud           Conj/Pois/Air  #.......     100%        3
 Vampiric Draining        Necr           #.........   100%        3
 Animate Dead             Necr           #.........   100%        4
 Agony                    Necr           #.......     100%        5
 Freezing Cloud           Conj/Ice/Air   #.........   100%        6


Dungeon Overview and Level Annotations

Branches:
Dungeon (11/15)            Temple (0/1) D:7            Lair (0/6) D:8
    Orc (0/2) D:9

Altars:
Ashenzari
Dithmenos
Elyvilon
Fedhas
Gozag
Hepliaklqana
Kikubaaqudgha
Makhleb
Nemelex Xobeh
Okawaru
Ru
Trog
Vehumet
Zin
Beogh

Shops:
D:5 =   D:7 [

Portals:
Abyss: D:9
Trove: D:11 (give 6 potions of haste)

Annotations:
D:7 588 plate shield
D:9 2 transporters, tinescath's ghost, novice HOMo
D:11 YayAnonymity's ghost, journeyman FoFi


Innate Abilities, Weirdness & Mutations

You are resistant to damage.
You can heal yourself by infusing magical energy.
You passively map the area around you.
You do not regenerate.
Armour fits poorly on your strangely shaped body.
Your magical capacity is low. (-10% MP)
You are weak. (Str -2)


Message History

You slash the large abomination!
The large abomination is severely damaged.
The small abomination hits you.
* * * LOW HITPOINT WARNING * * *
The crimson imp blinks!
You block the large abomination's attack.
The neqoxec gestures.
The large abomination barely misses you.
You block the small abomination's attack.
You slash the large abomination!
The large abomination is severely damaged.
The large abomination barely misses you.
The neqoxec gestures at you.
Something tries to feed on your intellect!
You block the small abomination's attack.
The shadow slips into darkness.
The shadow flickers and vanishes!
Deactivating autopickup; reactivate with Ctrl-A.
The large abomination hits you!!
You die...

# # ## #...
. . # #.. .
.. # # ##.
..... . .
..##
###.... .#.
#...##.#.
.. .#.# # #
..##5#....
.
.###X#3x#.#
. # #. #
#.@x55#. ..
. .###X5.#
.# . .#
#.##..{.#.#
. #
.####..# .
# .# # # ..
# # .. ## #
. #


You could see 2 large abominations, a neqoxec, 2 small abominations, a crimson
imp (summoned, expiring), 2 white imps and an ufetubus (summoned).

Vanquished Creatures
  Gastronok (D:11)
  A hydra (D:11)
  4 death yaks (D:8)
  2 two-headed ogres (D:10)
  A sun demon (Abyss:2)
  A sixfirhy (Abyss:2)
  An unseen horror (D:10)
  A cyclops (D:11)
  3 kobold demonologists (D:11)
  A centaur skeleton (D:11)
  2 trolls
  2 hornets
  A raiju (Abyss:2)
  A vampire (D:10)
  7 yaks (D:9)
  2 wyverns
  A water moccasin (D:5)
  A small abomination (Abyss:2)
  2 phantoms
  2 sky beasts
  5 orc warriors
  3 black bears (D:9)
  5 ice beasts
  8 ogres
  7 centaurs
  3 big kobolds
  12 bullfrogs
  2 scorpions
  11 killer bees
  17 wights
  6 howler monkeys
  6 hounds
  4 jellies
  A bullfrog zombie (D:9)
  7 orc priests
  4 bullfrog skeletons
  A gnoll shaman (D:9)
  Terence (D:2)
  5 iguanas
  19 orc wizards
  9 worker ants
  A hound zombie (D:11)
  A hound skeleton (D:7)
  A worker ant zombie (D:11)
  7 gnolls
  A howler monkey skeleton (D:4)
  10 adders
  A shadow imp (D:9)
  5 white imps
  3 ufetubi
  3 oozes
  An adder skeleton (D:10)
  5 worms
  4 dart slugs
  A leopard gecko (D:8)
  46 orcs
  3 ball pythons
  9 bats
  7 giant cockroaches
  7 goblins
  7 hobgoblins
  4 jackals
  6 quokkas
  5 frilled lizards
  A jackal skeleton (D:7)
  21 kobolds
  A quokka zombie (D:5)
  8 rats
342 creatures vanquished.

Vanquished Creatures (others)
  3 fungi (D:11)
  A plant (D:11)
4 creatures vanquished.

Grand Total: 346 creatures vanquished

Notes
Turn   | Place    | Note
-------+----------+-------------------------------------------
     0 | D:1      | robertstho the Deep Dwarf Fighter began the quest for the
                  | Orb.
     0 | D:1      | Reached XP level 1. HP: 20/20 MP: 1/1
    63 | D:1      | Reached XP level 2. HP: 27/27 MP: 2/2
   330 | D:1      | Reached XP level 3. HP: 30/34 MP: 3/3
   336 | D:1      | Reached skill level 1 in Dodging
   424 | D:2      | Noticed Terence
   424 | D:2      | Noticed a bullfrog
   434 | D:2      | Killed a bullfrog
   435 | D:2      | Reached skill level 3 in Axes
   435 | D:2      | Reached XP level 4. HP: 38/42 MP: 4/4
   436 | D:2      | Killed Terence
   461 | D:2      | Reached XP level 5. HP: 32/49 MP: 5/5
   668 | D:2      | Found a sacrificial altar of Ru.
   910 | D:3      | Found a faded altar of an unknown god.
   931 | D:3      | Found a broken altar of Ashenzari.
   998 | D:3      | Reached skill level 4 in Axes
  1417 | D:3      | Reached XP level 6. HP: 35/56 MP: 6/6
  1521 | D:3      | Found a burning altar of Makhleb.
  1644 | D:3      | Became a worshipper of Makhleb the Destroyer
  1712 | D:3      | Found a glowing silver altar of Zin.
  1956 | D:4      | Reached skill level 1 in Invocations
  2018 | D:4      | Reached skill level 5 in Axes
  2048 | D:4      | Reached skill level 5 in Armour
  2048 | D:4      | Reached XP level 7. HP: 54/63 MP: 8/8
  2090 | D:4      | Found an ancient bone altar of Kikubaaqudgha.
  2609 | D:5      | Entered Level 5 of the Dungeon
  2641 | D:5      | Reached * piety under Makhleb
  2814 | D:5      | Reached skill level 6 in Axes
  2814 | D:5      | Reached XP level 8. HP: 44/72 MP: 9/9
  2990 | D:5      | Reached skill level 5 in Shields
  3117 | D:5      | Found Hitoicze's Jewellery Shop.
  3322 | D:5      | Found a sparkling altar of Nemelex Xobeh.
  3323 | D:5      | Found a shadowy altar of Dithmenos.
  3330 | D:5      | Found a radiant altar of Vehumet.
  3775 | D:6      | Reached skill level 7 in Axes
  3906 | D:6      | Gained mutation: You passively map the area around you.
                  | [Deep Dwarf growth]
  3906 | D:6      | Reached XP level 9. HP: 54/80 MP: 9/9
  3913 | D:6      | Reached ** piety under Makhleb
  3917 | D:6      | Reached skill level 5 in Invocations
  3940 | D:6      | Reached skill level 5 in Fighting
  4362 | D:7      | Found a staircase to the Ecumenical Temple.
  4362 | D:7      | Found Ydaung's Antique Armour Emporium.
  4395 | D:7      | Found a blossoming altar of Fedhas.
  4462 | D:7      | Found a hazy altar of Hepliaklqana.
  4525 | D:7      | Reached skill level 5 in Dodging
  4598 | D:7      | Found an opulent altar of Gozag.
  4658 | D:7      | Found a sacrificial altar of Ru.
  4819 | D:7      | Reached skill level 8 in Axes
  4926 | D:8      | Noticed a death yak
  4926 | D:8      | Noticed a death yak
  4945 | D:8      | Killed a death yak
  4952 | D:8      | Killed a death yak
  4953 | D:8      | Reached XP level 10. HP: 32/91 MP: 11/11
  4955 | D:8      | Found a staircase to the Lair.
  4957 | D:8      | Noticed a death yak
  4957 | D:8      | Noticed a death yak
  4985 | D:8      | Killed a death yak
  4986 | D:8      | Reached skill level 9 in Axes
  4999 | D:8      | Killed a death yak
  5000 | D:8      | Reached skill level 1 in Stealth
  5100 | D:8      | Reached *** piety under Makhleb
  5589 | D:8      | Got a brightly glowing marble ring
  5591 | D:8      | Identified the ring of Suspected Treachery {rC+ rN+ Int-3
                  | Slay+4} (You found it on level 8 of the Dungeon)
  5982 | D:9      | Found a white marble altar of Elyvilon.
  6016 | D:9      | Found a transporter.
  6029 | D:9      | Found a one-way gate to the infinite horrors of the Abyss.
  6029 | D:9      | Found a transporter.
  6029 | D:9      | Noticed tinescath's ghost (novice HOMo)
  6031 | D:9      | Identified the +7 whip "Hell-Harrower" {distort, rPois MP+9
                  | Str-2 Dex-5}
  6031 | D:9      | Noticed a skeletal warrior
  6071 | D:9      | Reached skill level 10 in Axes
  6144 | D:9      | Found a bloodstained altar of Trog.
  6198 | D:9      | Reached **** piety under Makhleb
  6206 | D:9      | Reached XP level 11. HP: 99/99 MP: 11/11
  6227 | D:9      | Found a staircase to the Orcish Mines.
  6230 | D:9      | Found a roughly hewn altar of Beogh.
  6315 | D:9      | Found an iron altar of Okawaru.
  6848 | D:9      | Found a bloodstained altar of Trog.
  6947 | D:10     | Entered Level 10 of the Dungeon
  7078 | D:10     | Killed an unseen horror
  7280 | D:10     | Noticed a two-headed ogre
  7295 | D:10     | Killed a two-headed ogre
  7321 | D:10     | Noticed a two-headed ogre
  7337 | D:10     | Killed a two-headed ogre
  7337 | D:10     | Reached ***** piety under Makhleb
  7729 | D:11     | Reached skill level 11 in Axes
  7793 | D:11     | Noticed a six-headed hydra
  7806 | D:11     | Killed a seven-headed hydra
  7972 | D:11     | Noticed Gastronok
  7999 | D:11     | Killed Gastronok
  8000 | D:11     | Reached skill level 1 in Long Blades
  8000 | D:11     | Reached XP level 12. HP: 107/110 MP: 12/12
  8029 | D:11     | Found a runed translucent gate.
  8029 | D:11     | Found a runed translucent gate.
  8029 | D:11     | Identified the +2 short sword "Nezyixav" {venom, *Rage rC+
                  | MR++}
  8030 | D:11     | Found a runed translucent gate.
  8034 | D:11     | Noticed YayAnonymity's ghost (journeyman FoFi)
  8301 | D:11     | Found a portal to a secret trove of treasure.
  8751 | D:11     | Reached skill level 10 in Armour
  8771 | D:11     | Cast into level 2 of the Abyss (big kobold)
  8891 | Abyss:2  | HP: 3/110 [sixfirhy (8)]
  8912 | Abyss:2  | Gained mutation: Your magical capacity is low. (-10% MP) [a
                  | neqoxec]
  8919 | Abyss:2  | Gained mutation: Armour fits poorly on your strangely
                  | shaped body. [a neqoxec]
  8925 | Abyss:2  | Gained mutation: You are weak. (Str -2) [a neqoxec]
  8936 | Abyss:2  | Slain by a large abomination

Illustrated notes

Levels and vault maps discovered:
D:1:      dpeg_arrival_stone_temple_mockup, layout_rooms,
          hangedman_decor_clover_reticule
D:2:      layout_rooms, nicolae_ru_sacrificial_ziggurat, uniq_terence
D:3:      layout_basic, overflow_temple_1_default, marbit_many_paths,
          evilmike_ruin_ashenzari, chequers_ecumenical_altar_simple_redux
D:4:      minmay_clustersquares, layout_loops_ring, kiku_gazebo_pond_becter
D:5:      layout_layer_cave, chequers_temple_overflow_statue_of_worship,
          serial_shops, shop, serial_glass, glass_columns_b, glass_columns_b,
          glass_columns_a, glass_columns_b, glass_columns_a, glass_columns_a
D:6:      layout_rooms
D:7:      layout_cave_pools, lemuel_coloured_pillars_altar, lemuel_round_altar,
          lemuel_round_altar, minmay_temple_entry_mini_moons, serial_shops,
          nicolae_shop_statue_plus, chequers_serial_rivers_micro_b,
          fedhas_ov_isle_minmay
D:8:      minmay_razor_zed, layout_basic, dpeg_lair_monsters
D:9:      layout_basic, kennysheep_mini_moat, trog_ov_bears_minmay,
          minmay_orc_entry_temple_small, basic_altar,
          gammafunk_ghost_abyssal_escape, elyvilon_altar_1
D:10:     layout_loops_ring, serial_bayou_pond_e
D:11:     layout_loops_corners, gammafunk_ghost_nasty_kobolds, enter_trove_6,
          uniq_gastronok
Abyss:2:  base:
D:6

Skill      XL: |  1  2  3  4  5  6  7  8  9 10 11 12 |
---------------+-------------------------------------+-----
Fighting       | 3 4 5 6 7 8 |  8.1
Dodging        | 1 2 3 4 5 6 8 |  8.5
Axes           | 3 4 5 6 7 8 10 11 | 11.2
Armour         | 4 5 6 7 8 9 10 | 10.1
Shields        | 4 5 6 7 8 |  8.5
Invocations    | 1 2 4 6 7 9 |  9.4
Stealth        | 1 |  1.1
Long Blades    | 1 3 |  3.2
Maces & Flails | |  0.1

Action                   |  1- 3 |  4- 6 |  7- 9 | 10-12 || total
-------------------------+-------+-------+-------+-------++-------
Melee: War axe           |    76 |   189 |   370 |   630 ||  1265
       Demon blade       |       |       |       |   178 ||   178
       Morningstar       |       |       |       |     4 ||     4
Invok: Lesser Servant of |       |       |       |     2 ||     2
       Minor Destruction |       |       |       |     1 ||     1
 Abil: Heal Wounds       |     1 |     4 |     4 |    30 ||    39
  Use: Scroll            |       |       |     6 |     1 ||     7
       Potion            |       |       |     1 |     2 ||     3
Armor: Scale mail        |    45 |    18 |       |       ||    63
       Ring mail         |       |    53 |     3 |       ||    56
       Chain mail        |       |       |   164 |   137 ||   301
       Plate armour      |       |       |       |   284 ||   284
Dodge: Dodged            |    34 |    77 |   109 |   296 ||   516
Block: Kite shield       |    56 |   115 |   241 |   635 ||  1047
       Rpst.: Demon blade |       |       |       |    37 ||    37

Table legend: (Time is in decaauts)
 A = Elapsed time spent in this place.
 B = Non-inter-level travel time spent in this place.
 C = Inter-level travel time spent in this place.
 D = Time resting spent in this place.
 E = Time spent auto-exploring this place.
 F = Levels seen in this place.
 G = Mean time per level.
                   A        B        C        D        E       F      G
               +--------+--------+--------+--------+--------+-----+--------+
         Total |   9234 |   8786 |    448 |      0 |   6081 |  12 |  769.5 |
       Dungeon |   9058 |   8610 |    448 |      0 |   5998 |  11 |  823.5 |
         Abyss |    175 |    175 |      0 |      0 |     83 |   1 |  175.0 |
               +--------+--------+--------+--------+--------+-----+--------+

Top non-repeatable levels by time:
    D:11: 1133 daAuts
     D:5: 1124 daAuts
     D:8: 1056 daAuts
     D:3: 1053 daAuts
     D:9: 1027 daAuts
     D:4: 842 daAuts
    D:10: 752 daAuts
     D:7: 606 daAuts
     D:6: 599 daAuts
     D:1: 455 daAuts
     D:2: 406 daAuts
 Abyss:2: 175 daAuts
